 Dungeon Crawl Stone Soup version 0.20.2-3-g29329e0561 (webtiles) character file.

361 Alfie the Skirmisher (level 6, 0/56 HPs)
             Began as a Hill Orc Fighter on Nov 21, 2023.
             Killed by nerve-wracking pain
             ... invoked by Grinder
              (7 damage)
             ... on level 4 of the Dungeon.
             The game lasted 00:06:11 (2606 turns).

Alfie the Skirmisher (Hill Orc Fighter)             Turns: 2606, Time: 00:06:11

Health: 0/56       AC:  7    Str: 21    XL:     6   Next: 66%
Magic:  6/6        EV:  8    Int:  8    God:
Gold:   209        SH:  9    Dex: 10    Spells: 5/5 levels left

rFire    . . .     SeeInvis .   a - +2 rapier
rCold    . . .     Gourm    .   c - +0 shield
rNeg     . . .     Faith    .   b - +0 scale mail
rPois    .         Spirit   .   (no helmet)
rElec    .         Reflect  .   (no cloak)
rCorr    .         Harm     .   (no gloves)
MR       .....                  (no boots)
Stlth    ..........             (no amulet)
Regen    0.2/turn               (no ring)
MPRegen  0.1/turn               (no ring)

@: lethally poisoned (0 -> -2)
A: no striking features
a: no special abilities


You were on level 4 of the Dungeon.
You were not hungry.

You visited 1 branch of the dungeon, and saw 4 of its levels.

You collected 209 gold pieces.

Inventory:

Hand Weapons
 a - a +2 rapier (weapon)
Armour
 b - a +0 scale mail (worn)
 c - a +0 shield (worn)
Jewellery
 e - an uncursed ring of fire {unknown}
 h - a cursed ring of loudness {unknown}
Scrolls
 g - a scroll of blinking {unknown}
 i - a scroll of fear {unknown}
 l - 4 scrolls of remove curse
 m - a scroll of immolation {unknown}
 n - a scroll of enchant weapon
 q - 2 scrolls of amnesia {unknown}
 s - 3 scrolls of identify {unknown}
 t - a scroll of fog {unknown}
 u - a scroll of random uselessness {unknown}
 v - 2 scrolls of recharging {unknown}
 x - 3 scrolls of teleportation {unknown}
Potions
 d - a potion of might
 j - a potion of cancellation {unknown}
 k - a potion of haste {unknown}
 o - a potion of magic {unknown}
 p - a potion of curing {unknown}
 w - 2 potions of ambrosia
 z - a potion of degeneration {unknown}
Comestibles
 f - a bread ration
 r - 3 meat rations


   Skills:
 + Level 5.0 Fighting
 + Level 4.4 Short Blades
 + Level 4.1 Armour
 + Level 1.6 Dodging
 + Level 0.1 Stealth
 + Level 4.4 Shields


You had 5 spell levels left.
You didn't know any spells.

Dungeon Overview and Level Annotations

Branches:
Dungeon (4/15)
 Temple: D:4-7

Altars:

Annotations:
D:4 Grinder


Message History

Grinder comes into view.
You feel sick.
Grinder shouts!
Grinder moves out of view.
You block the ball python's attack. The ball python closely misses you.
You see here a howler monkey corpse.
You barely miss the ball python. You block the ball python's attack.
The ball python grabs you.
* * * LOW HITPOINT WARNING * * *
The ball python constricts you.
You puncture the ball python!
You kill the ball python!
You feel sick. The giant cockroach bites you.
* * * LOW HITPOINT WARNING * * *
You closely miss the giant cockroach. The giant cockroach barely misses you.
You block the phantom's attack.
You barely miss the giant cockroach. The giant cockroach barely misses you.
Grinder gestures at you. Pain shoots through your body!
You die...

#### #..# #.>###
#...(## .
#######.##..##....
.......W@s<.......
.######.###.....#.
#...# .##.## #.5.#
.# ## #.... ..
#.....## >...###
#...# #...#


You could see Grinder, a phantom and a giant cockroach.

Vanquished Creatures
  A howler monkey (D:4)
  An orc priest (D:3)
  An orc wizard (D:3)
  2 iguanas
  A worker ant (D:4)
  3 adders (D:2)
  8 gnolls
  3 worms
  2 dart slugs
  2 leopard geckos
  6 orcs (D:3)
  3 ball pythons
  4 giant cockroaches
  7 goblins
  6 hobgoblins
  9 bats
  2 frilled lizards
  6 kobolds
  9 rats
76 creatures vanquished.

Notes
Turn   | Place    | Note
-------+----------+-------------------------------------------
     0 | D:1      | Alfie the Hill Orc Fighter began the quest for the Orb.
     0 | D:1      | Reached XP level 1. HP: 19/19 MP: 1/1
   295 | D:1      | Reached XP level 2. HP: 27/27 MP: 2/2
   455 | D:1      | Reached skill level 4 in Fighting
   741 | D:1      | Reached XP level 3. HP: 33/33 MP: 3/3
  1054 | D:2      | Reached XP level 4. HP: 26/41 MP: 4/4
  1796 | D:2      | Reached XP level 5. HP: 41/47 MP: 5/5
  2170 | D:3      | Reached skill level 1 in Dodging
  2260 | D:3      | Reached skill level 5 in Fighting
  2260 | D:3      | Reached XP level 6. HP: 48/56 MP: 6/6
  2601 | D:4      | Noticed a phantom
  2602 | D:4      | Noticed Grinder
  2606 | D:4      | Killed from afar by Grinder

Skill      XL: |  1  2  3  4  5  6 |
---------------+-------------------+-----
Fighting       | 4 5 |  5.0
Short Blades   | 3 4 |  4.4
Shields        | 4 |  4.4
Dodging        | 1 |  1.6
Armour         | 4 |  4.1
Stealth        | |  0.1

Action                   |  1- 3 |  4- 6 || total
-------------------------+-------+-------++-------
Melee: Rapier            |    80 |   195 ||   275
  Use: Scroll            |     2 |     1 ||     3
       Potion            |       |     2 ||     2
  Eat: Bread ration      |       |     2 ||     2
Armor: Scale mail        |    37 |    67 ||   104
Dodge: Dodged            |    24 |    47 ||    71
Block: Shield            |    51 |    82 ||   133
